 Dungeon Crawl Stone Soup version 0.28-a0-390-gb254ac4902 (webtiles) character file.

Game seed: 7977068757148893613

23 jdzakarian the Poker (level 3, -2/29 HPs)
             Began as a Human Berserker on Sept 2, 2021.
             Was a Believer of Trog.
             Slain by a jackal (3 damage)
             ... on level 1 of the Dungeon on Sept 3, 2021.
             The game lasted 00:03:03 (742 turns).

jdzakarian the Poker (Human Berserker)               Turns: 742, Time: 00:03:04

Health: -2/29      AC:  2    Str: 17    XL:     3   Next: 12%
Magic:  3/3        EV: 12    Int:  7    God:    Trog [**....]
Gold:   9          SH:  0    Dex: 13    Spells: 2/2 levels left

rFire   . . .      SeeInvis .   a - +0 spear
rCold   . . .      Faith    .   (no shield)
rNeg    . . .      Spirit   .   b - +0 animal skin
rPois   .          Reflect  .   (no helmet)
rElec   .          Harm     .   (no cloak)
rCorr   .          Rampage  .   (no gloves)
Will    .....                   (no boots)
Stlth   +.........              (no amulet)
HPRegen 0.09/turn               (no ring)
MPRegen 0.08/turn               (no ring)

@: no status effects
A: no striking features
a: Renounce Religion, Berserk, Trog's Hand


You were on level 1 of the Dungeon.
You worshipped Trog.
Trog was pleased with you.
You visited 1 branch of the dungeon, and saw 1 of its levels.

You collected 9 gold pieces.

Inventory:

Hand Weapons
 a - a +0 spear (weapon)
Armour
 b - a +0 animal skin (worn)
Scrolls
 c - 2 scrolls of identify {unknown}
Potions
 d - a potion of cancellation {unknown}


   Skills:
 + Level 3.3 Fighting
 + Level 3.4 Polearms
 + Level 2.1 Armour
 + Level 2.3 Dodging
 + Level 0.1 Stealth


You had 2 spell levels left.
You didn't know any spells.
Your spell library was empty.

Dungeon Overview and Level Annotations

Branches:
Dungeon (1/15)

Altars:


Message History

The kobold hits you with a +0 dagger. The jackal bites you.
You closely miss the jackal.
The jackal bites you but does no damage.
A jackal comes into view.
The jackal completely misses you. The kobold hits you with a +0 dagger.
You hit the jackal but do no damage. The jackal bites you. x2
The kobold hits you with a +0 dagger.
You closely miss the jackal.
The jackal bites you but does no damage.
The jackal barely misses you. x2; The jackal closely misses you.
The kobold hits you but does no damage. The jackal barely misses you.
You hit the jackal.
The jackal is moderately wounded.
The jackal bites you. The jackal barely misses you.
The jackal bites you but does no damage.
A kobold comes into view. It is wielding a +0 dagger.
The kobold hits you with a +0 dagger.
You barely miss the jackal.
The jackal is moderately wounded.
The kobold shouts!
The jackal bites you.
* * * LOW HITPOINT WARNING * * *
The jackal closely misses you. x3; The kobold misses you.
You hit the jackal.
The jackal is almost dead.
The jackal closely misses you. The jackal bites you.
* * * LOW HITPOINT WARNING * * *
The jackal misses you. The jackal bites you.
* * * LOW HITPOINT WARNING * * *
The jackal barely misses you.
You hit the jackal.
You kill the jackal!
Trog accepts your kill.
You can now call upon Trog for regeneration and willpower.
The kobold hits you with a +0 dagger.
* * * LOW HITPOINT WARNING * * *
The jackal bites you.
* * * LOW HITPOINT WARNING * * *
The jackal barely misses you. The jackal bites you.
You die...

....... ....### #...
.....# #..# ..##.#
#..## #.# .# #... .# #
#..# # #.# #K.# #. #
#######hh#.# #.# # #
......K@h#.#### #.####
#.#
##.............###...#
#.#
#.####.####.##.#.##.#
..# #........#.###.#
### #.####.#.#.# #.# #
#.# #.#.#.# #.# #
#.####.#.#.# #(#
######### #..........#
#.### .........
#.#.##.#.### #....


You could see 3 jackals and 2 kobolds.

Vanquished Creatures
  4 ball pythons (D:1)
  2 endoplasms (D:1)
  A giant cockroach (D:1)
  A goblin (D:1)
  3 hobgoblins (D:1)
  A jackal (D:1)
  A quokka (D:1)
  A bat (D:1)
  3 frilled lizards (D:1)
  5 kobolds (D:1)
  2 rats (D:1)
24 creatures vanquished.

Notes
Turn   | Place    | Note
-------+----------+-------------------------------------------
     0 | D:1      | jdzakarian the Human Berserker began the quest for the Orb.
     0 | D:1      | Reached XP level 1. HP: 18/18 MP: 1/1
   231 | D:1      | Upgraded the game from 0.28-a0-384-g9e0c098162 to
                  | 0.28-a0-390-gb254ac4902
   267 | D:1      | Reached XP level 2. HP: 24/24 MP: 2/2
   525 | D:1      | Reached XP level 3. HP: 21/29 MP: 3/3
   742 | D:1      | Reached ** piety under Trog
   742 | D:1      | HP: 1/29 [jackal (2)]
   742 | D:1      | Slain by a jackal

Illustrated notes

Levels and vault maps discovered:
D:1:      co_arrival_square_in_a_square_in_a_square, layout_loops_ring,
          amcnicky_mini_pool_small, minmay_quantized

Action                   || total
-------------------------++-------
Melee: Spear             ||    75
 Stab: Sleeping          ||     1
Armor: Animal skin       ||    19
Dodge: Dodged            ||    60

Table legend: (Time is in decaauts)
 A = Elapsed time spent in this place.
 B = Non-inter-level travel time spent in this place.
 C = Inter-level travel time spent in this place.
 D = Time resting spent in this place.
 E = Time spent auto-exploring this place.
 F = Levels seen in this place.
 G = Mean time per level.
                   A        B        C        D        E       F      G
               +--------+--------+--------+--------+--------+-----+--------+
         Total |    737 |    737 |      0 |      0 |    530 |   1 |  737.0 |
       Dungeon |    737 |    737 |      0 |      0 |    530 |   1 |  737.0 |
               +--------+--------+--------+--------+--------+-----+--------+

Top non-repeatable levels by time:
     D:1: 737 daAuts
